 Dungeon Crawl Stone Soup version 0.26.1-11-gd32895ea62 (webtiles) character file.

Game seed: 5085028560127677045

368 chaostorm the Chopper (level 6, -1/57 HPs)
             Began as a Deep Dwarf Fighter on Apr 24, 2021.
             Was an Initiate of Makhleb.
             Slain by an ogre
             ... wielding a +0 giant club
              (10 damage)
             ... on level 4 of the Dungeon.
             The game lasted 00:15:14 (3878 turns).

chaostorm the Chopper (Deep Dwarf Fighter)          Turns: 3878, Time: 00:15:15

Health: -1/57      AC:  9    Str: 22    XL:     6   Next: 41%
Magic:  5/5        EV:  5    Int:  8    God:    Makhleb [......]
Gold:   201        SH: 10    Dex: 12    Spells: 5/5 levels left

rFire    + . .     SeeInvis .   a - +0 war axe
rCold    x . .     Faith    .   c - +0 kite shield
rNeg     . . .     Spirit   .   g - +0 chain mail
rPois    .         Reflect  .   (no helmet)
rElec    .         Harm     .   (no cloak)
rCorr    .         Rampage  .   (no gloves)
Will     .....                  (no boots)
Stlth    ..........             (no amulet)
HPRegen  0.00/turn              e - ring of fire
MPRegen  0.09/turn              (no ring)

@: non-regenerating
A: damage resistance, heal wounds, sense surroundings 1, no regeneration
a: Heal Wounds, Renounce Religion


You were on level 4 of the Dungeon.
You worshipped Makhleb.
Makhleb was noncommittal.
You visited 2 branches of the dungeon, and saw 5 of its levels.

You collected 201 gold pieces.

Inventory:

Hand Weapons
 a - a +0 war axe (weapon)
 b - a +0 whip
 h - a +0 hand axe
Missiles
 f - 23 poisoned darts
 v - 35 stones (quivered)
Armour
 c - a +0 kite shield (worn)
 g - a +0 chain mail (worn)
 l - a +0 plate armour
Jewellery
 e - a ring of fire (left hand)
Wands
 s - a wand of polymorph (9)
Scrolls
 i - a scroll of magic mapping {unknown}
 m - 4 scrolls of remove curse
 o - 2 scrolls of teleportation {unknown}
 r - a scroll of enchant armour {unknown}
 t - a scroll of immolation {unknown}
 u - a scroll of random uselessness {unknown}
Potions
 d - 2 potions of might
 j - 3 potions of heal wounds
 k - a potion of mutation
 n - a potion of lignification
 q - 2 potions of brilliance


   Skills:
 + Level 3.8 Fighting
 * Level 4.8 Axes
 + Level 4.6 Armour
 + Level 4.6 Shields


You had 5 spell levels left.
You didn't know any spells.
Your spell library was empty.

Dungeon Overview and Level Annotations

Branches:
Dungeon (4/15)             Temple (1/1) D:4

Altars:
Ashenzari
Cheibriados
Dithmenos
Elyvilon
Fedhas
Gozag
Hepliaklqana
Kikubaaqudgha
Makhleb
Nemelex Xobeh
Okawaru
Qazlal
Ru
Sif Muna
Uskayaw
Vehumet
Wu Jian
Xom
Yredelemnul
Zin
The Shining One


Innate Abilities, Weirdness & Mutations

You are resistant to damage.
You can heal yourself by infusing magical energy.
You passively map a small area around you.
You do not regenerate.


Message History

The ogre shouts!
There is an open door here.
You closely miss the giant cockroach. You hit the ogre but do no damage.
The giant cockroach bites you. You block the ogre's attack.
The giant cockroach bites you but does no damage.
You slash the giant cockroach!
You kill the giant cockroach!
Makhleb accepts your kill.
You hit the ogre but do no damage. You block the ogre's attack.
The ogre hits you with a +0 giant club!
You see here a giant cockroach corpse.
You hit the ogre.
The ogre is lightly wounded.
The ogre hits you with a +0 giant club!
The ogre hits you with a +0 giant club!!
* * * LOW HITPOINT WARNING * * *
You hit the ogre.
The ogre is moderately wounded.
The ogre hits you with a +0 giant club!
You die...

............≈ ≈ ≈
............≈ ≈ , ≈
###...#####.≈ ≈, #*
###...#....###########..
......#.......#......... ,
......#.......#.........
......#.......#.........,,
.####'#.......'.†....... ,
.#............#O@.##....
.#............#...#########
.#.<..).......#...##......#
.#............######......#
.#............#...........#
##............)...........#
..............#...........#
..............#...........#
..............#...........#


You could see an ogre.

Vanquished Creatures
  An ogre (D:4)
  A hound (D:4)
  An orc wizard (D:3)
  Jessica (D:2)
  Terence (D:3)
  6 adders
  An ooze (D:2)
  2 worms (D:3)
  3 dart slugs
  4 leopard geckos
  3 orcs
  2 ball pythons
  4 giant cockroaches
  9 goblins
  8 hobgoblins
  13 jackals
  10 bats
  5 frilled lizards
  14 kobolds
  A leopard gecko skeleton (D:4)
  A quokka skeleton (D:4)
  11 rats
102 creatures vanquished.

Notes
Turn   | Place    | Note
-------+----------+-------------------------------------------
     0 | D:1      | chaostorm the Deep Dwarf Fighter began the quest for the
                  | Orb.
     0 | D:1      | Reached XP level 1. HP: 20/20 MP: 1/1
   177 | D:1      | Reached XP level 2. HP: 9/27 MP: 2/2
   518 | D:1      | Reached XP level 3. HP: 34/34 MP: 3/3
  1322 | D:2      | Reached XP level 4. HP: 34/42 MP: 4/4
  1540 | D:2      | Noticed Jessica
  1550 | D:2      | Killed Jessica
  1691 | D:2      | You fall into a shaft and drop 1 floor!
  1693 | D:3      | Noticed Terence
  1727 | D:3      | Killed Terence
  1749 | D:3      | Reached XP level 5. HP: 27/49 MP: 5/5
  3352 | D:4      | Reached XP level 6. HP: 51/57 MP: 5/5
  3364 | D:4      | Found a staircase to the Ecumenical Temple.
  3370 | Temple   | Entered the Ecumenical Temple
  3689 | Temple   | Became a worshipper of Makhleb the Destroyer
  3878 | D:4      | Slain by an ogre

Illustrated notes

Levels and vault maps discovered:
D:1:      nagdon_arrival_double_spiral, layout_basic, grunt_decor_one_mirror,
          grunt_decor_resistance, minmay_misc_feat_tower, st_stairs_4,
          minmay_vboxes
D:2:      layout_loops_corners, minivault_19, minmay_randomly_rotated_circles,
          uniq_jessica
D:3:      layout_basic, uniq_terence
D:4:      layout_gridville, minmay_temple_entry_glassed_door,
          portal_sewer_entry_f
Temple:   roderic_octagonal_lattice_temple

Skill      XL: |  1  2  3  4  5 |
---------------+----------------+-----
Fighting       | 3 |  3.8
Axes           | 3 4 |  4.8
Armour         | 4 |  4.6
Shields        | 4 |  4.6

Action                   |  1- 3 |  4- 6 || total
-------------------------+-------+-------++-------
Melee: War axe           |   178 |   196 ||   374
       Hand axe          |       |    33 ||    33
 Abil: Heal Wounds       |     1 |     1 ||     2
  Use: Scroll            |       |     5 ||     5
Armor: Scale mail        |    62 |       ||    62
       Plate armour      |    27 |   136 ||   163
       Chain mail        |       |    26 ||    26
Dodge: Dodged            |    68 |    60 ||   128
Block: Kite shield       |   104 |   135 ||   239
